 Dungeon Crawl Stone Soup version 0.19-a0-659-g8260ecf (webtiles) character file.

144820 Ijustatesigmund the Slicer (level 18, -30/124 HPs)
             Began as a Halfling Fighter on June 14, 2016.
             Was a High Priest of Hepliaklqana.
             Killed by Shatter
             ... invoked by Jorgrun
              (84 damage)
             ... on level 3 of the Spider Nest on June 15, 2016.
             The game lasted 02:40:38 (35177 turns).

Ijustatesigmund the Slicer (Halfling Fighter)      Turns: 35177, Time: 02:40:39

Health: -30/124    AC: 23    Str: 24    XL:     18   Next: 3%
Magic:  0/35       EV:  3    Int:  7    God:    Hepliaklqana [*****.]
Gold:   737        SH:  0    Dex: 22    Spells: 6 memorised, 6 levels left

rFire  . . .     SeeInvis .     U - +3 greatsling (freeze)
rCold  . . .     Gourm    .     b - +0 ring mail {rPois}
rNeg   + + +     Faith    .     H - +3 buckler {reflect}
rPois  ∞         Spirit   +     J - +1 helmet
rElec  +         Dismiss  .     j - +2 cloak
rCorr  .         Reflect  +     A - +2 pair of gloves of the Dice {Str+8}
SustAt .         Harm     .     e - +2 pair of boots
MR     +....                    T - amulet of guardian spirit
Stlth  ++++......               C - +3 ring of protection
                                c - ring "Cas Uho" {+Inv rElec MP+9 EV+1}

@: petrified, very slightly contaminated, repel missiles, invisible, somewhat
resistant to hostile enchantments, stealthy
A: mutation resistance 1
a: Recall Ancestor, Ancestor Identity, Transference, Idealise, Renounce
Religion, Turn Visible


You were on level 3 of the Spider Nest.
You worshipped Hepliaklqana.
Hepliaklqana was extremely pleased with you.
You were not hungry.

You visited 6 branches of the dungeon, and saw 28 of its levels.
You also visited: Bailey.

You collected 2563 gold pieces.
You spent 1826 gold pieces at shops.

Inventory:

Hand Weapons
 r - a +4 short sword of protection
 U - a +3 greatsling of freezing (weapon)
Missiles
 G - a tomahawk of dispersal
 N - 46 sling bullets (quivered)
Armour
 b - a +0 ring mail of poison resistance (worn)
 e - a +2 pair of boots (worn)
 j - a +2 cloak (worn)
 A - the +2 pair of gloves of the Dice (worn) {Str+8}
   (You found it on level 6 of the Dungeon)

   It affects your strength (+8).
 H - a +3 buckler of reflection (worn)
 I - a +1 scale mail of fire resistance
 J - a +1 helmet (worn)
Jewellery
 c - the ring "Cas Uho" (left hand) {+Inv rElec MP+9 EV+1}
   (You bought it in a shop on level 6 of the Dungeon)

   [ring of evasion]

   It affects your evasion (+1).
   It insulates you from electricity.
   It affects your magic capacity (+9).
   It lets you turn invisible.
 k - an uncursed ring of resist corrosion
 t - an uncursed ring of flight
 w - an uncursed ring of see invisible
 C - a +3 ring of protection (right hand)
 T - an amulet of guardian spirit (around neck)
 Y - the ring "Beadutet" {rC+ MR+}
   (You found it on level 5 of the Lair of Beasts)

   [ring of protection from cold]

   It protects you from cold.
   It affects your resistance to hostile enchantments.
 Z - an uncursed ring of wizardry
Wands
 o - a wand of digging (8/24)
 p - a wand of acid (7/15)
 v - a wand of enslavement (15/24)
 y - a wand of polymorph (9/24)
 E - a wand of paralysis (8/24)
 O - a wand of digging (17/24)
Scrolls
 g - a scroll of magic mapping
 h - 4 scrolls of fear
 q - 9 scrolls of remove curse
 s - 2 scrolls of fog
 x - 5 scrolls of teleportation
 z - a scroll of holy word {unknown}
 F - a scroll of acquirement {unknown}
 M - 6 scrolls of identify
 P - 4 scrolls of recharging
 R - 3 scrolls of blinking
 W - 2 scrolls of summoning
Potions
 a - 3 potions of flight
 d - a potion of agility
 l - 2 potions of heal wounds
 m - 5 potions of curing
 n - 8 potions of brilliance
 u - 3 potions of ambrosia
 B - 4 potions of cancellation
 D - a potion of invisibility
 K - 2 potions of magic
 L - 2 potions of haste
 Q - a potion of resistance
Comestibles
 f - 11 bread rations
 i - 12 meat rations


   Skills:
 - Level 11.4 Fighting
 - Level 13.6 Short Blades
 - Level 13.3 Slings
 + Level 11.0 Armour
 - Level 9.0 Dodging
 - Level 7.0 Stealth
 - Level 5.4 Shields
 - Level 7.4 Charms
 - Level 5.3 Summonings
 - Level 9.7 Translocations
 - Level 7.3 Air Magic
 - Level 11.6 Invocations
 - Level 10.1 Evocations


You had 6 spell levels left.
You knew the following spells:

 Your Spells              Type           Power        Failure   Level  Hunger
a - Blink                 Tloc           N/A          1%          2    ###....
b - Apportation           Tloc           ##........   1%          1    ##.....
c - Portal Projectile     Tloc           ##....       4%          3    ####...
d - Summon Butterflies    Summ           #.......     10%         1    ##.....
e - Repel Missiles        Chrm/Air       ##....       6%          2    ###....
f - Swiftness             Chrm/Air       ##......     6%          2    ###....


Dungeon Overview and Level Annotations

Branches:
Dungeon (15/15)            Temple (1/1) D:6            Lair (6/6) D:11
 Shoals (0/4) Lair:4       Spider (3/4) Lair:2        Slime (0/5) Lair:6
    Orc (2/2) D:11            Elf (0/3) Orc:2        Vaults (0/5) D:14
 Depths (1/5) D:15

Altars:
Ashenzari
Cheibriados
Dithmenos
Elyvilon
Fedhas
Gozag
Hepliaklqana
Kikubaaqudgha
Makhleb
Nemelex Xobeh
Okawaru
Pakellas
Qazlal
Ru
Sif Muna
Trog
Uskayaw
Vehumet
Xom
Yredelemnul
Zin
The Shining One

Shops:
D:6 %[=   D:14 *::!:   Orc:1 !   Orc:2 :%(?

Portals:
Hell: Depths:1
Pandemonium: Orc:2 Depths:1
Trove: D:12 (show abyssal rune of Zot)

Annotations:
D:8 exclusion: 2 oklob saplings
Spider:3 Jorgrun


Innate Abilities, Weirdness & Mutations

You are small and have problems with some larger weapons.
You are somewhat resistant to further mutation.


Message History

Jorgrun says, "A few more walls knocked out 'ere an' thar an' 'tis whole place will come crashin' down."
Morcar blocks the tarantella's attack.
Morcar hits the tarantella but does no damage.
Morcar barely misses Jorgrun.
Morcar blocks the tarantella's attack.
Jorgrun casts a spell.
The dungeon rumbles around Jorgrun!
The tarantella dies!
You shudder from the earth-shattering force.
Ouch! That really hurt!
Ka-crash!
You are no longer teleporting projectiles to their destination.
Morcar hits Jorgrun with a broad axe of flaming!
Morcar burns Jorgrun.
Morcar blocks Jorgrun's attack.
Jorgrun closely misses Morcar.
Morcar misses Jorgrun.
Jorgrun casts a spell.
The dungeon rumbles around Jorgrun!
You shudder from the earth-shattering force.
Ouch! That really hurt!
You die...

......^^[.......
=...............
................
................ .
#...........###.######.#
.%......................
.....^...†..............
.............^.....^†...
.....####.......@$.Rg..(
........#...............
........##^.........^..)
...#.....###...........#
<..#....%..#........####
(..#.......#........#
...#.......#.......##
...#.......#......##
...##......#


You could see the friendly Morcar the knight and Jorgrun.

Vanquished Creatures
  Saint Roka (Orc:2)
  Aizul (Spider:1)
  A balrug (Depths:1)
  2 very ugly things
  The ghost of tstbtto the Severer, a journeyman CeBe of Trog (Lair:5)
  Azrael (Orc:1)
  A hydra (Lair:6)
  2 ice dragons (D:15)
  A centaur warrior (D:15)
  A deep troll shaman (Depths:1)
  2 tengu warriors (D:12)
  2 deep troll earth magi
  3 death yaks (Lair:4)
  3 orc high priests (Orc:2)
  Urug (D:15)
  A sun demon (Depths:1)
  Sonja (D:13)
  A wizard (D:14)
  The ghost of Ijustatesigmund the Slicer, a novice HaFi of Hepliaklqana (Bailey)
  An unseen horror (D:12)
  2 deep trolls (Depths:1)
  2 hell knights (D:15)
  5 hill giants
  5 lindwurms
  An ugly thing (D:11)
  A torturous demonspawn (Orc:2)
  7 orc knights
  3 orb spiders
  16 wolf spiders
  A griffon (Lair:5)
  A necromancer (D:15)
  A hornet (shapeshifter) (D:13)
  An orc sorcerer (Orc:2)
  2 manticores
  2 sixfirhies
  A siren (Lair:4)
  A smoke demon (Depths:1)
  7 elephants
  A black mamba (Lair:6)
  The ghost of tstbtto the Chopper, a novice CeBe of Trog (D:4)
  A gargoyle (D:13)
  4 rime drakes (Lair:6)
  3 komodo dragons
  7 spiny frogs
  A kobold demonologist (D:15)
  3 demonic crawlers
  10 jumping spiders
  A polar bear (Lair:3)
  A troll (shapeshifter) (D:14)
  5 blink frogs
  2 two-headed ogres
  8 trolls
  A slime creature (D:12)
  3 boulder beetles
  A meliai zombie (D:9)
  Sigmund (D:6)
  19 redbacks
  A shadow (D:13)
  A ynoxinul (Orc:2)
  A vampire (D:15)
  6 fire bats (Lair:2)
  5 tarantellas
  2 wyverns
  5 hungry ghosts
  25 yaks
  A fire elemental (Orc:2)
  A vampire mosquito (Lair:3)
  8 hippogriffs
  4 wargs
  Edmund (D:6)
  A hell hound (Orc:1)
  6 water moccasins
  4 porcupines
  31 orc warriors
  A necrophage (D:8)
  2 sky beasts
  7 wolves
  An eye of draining (D:13)
  2 phantoms
  4 ogres
  3 centaurs
  12 crocodiles
  2 big kobolds
  8 giant frogs
  10 killer bees
  3 scorpions
  3 jellies
  5 wights
  2 howler monkeys (D:8)
  An electric eel (Lair:4)
  A lava snake (Lair:2)
  5 crimson imps
  2 quasits
  4 centaur zombies
  2 giant frog zombies
  9 hounds
  18 orc priests
  10 orc wizards
  4 centaur skeletons
  3 giant frog skeletons
  8 worker ants
  9 iguanas
  2 killer bee zombies
  A hound skeleton (D:4)
  A howler monkey zombie (D:5)
  2 worker ant zombies
  A howler monkey skeleton (D:5)
  5 gnolls
  14 adders
  22 river rats
  2 shadow imps
  2 oozes
  2 adder skeletons
  A worm (D:2)
  4 dart slugs
  A giant gecko (D:2)
  86 orcs
  7 bats
  6 giant cockroaches
  6 goblins
  4 hobgoblins
  5 jackals
  4 quokkas
  4 ball pythons (D:8)
  A giant gecko skeleton (D:7)
  7 giant newts
  23 kobolds
  A quokka skeleton (D:6)
  7 rats
  A fungus (Lair:3)
  2 plants
628 creatures vanquished.

Vanquished Creatures (collateral kills)
  An emperor scorpion (Spider:1)
  An orc warlord (Orc:1)
  4 very ugly things (Depths:1)
  A stone giant (D:15)
  A fire dragon (Lair:6)
  An entropy weaver (shapeshifter) (D:14)
  A catoblepas (Lair:4)
  2 hydras (Lair:6)
  Erolcha (D:12)
  2 death yaks
  6 orc high priests (Orc:2)
  An iron troll (Depths:1)
  A deep troll (Depths:1)
  2 unseen horrors
  A gelid demonspawn (Orc:2)
  A putrid demonspawn (Orc:2)
  A torturous demonspawn (Orc:2)
  2 orc knights (Orc:2)
  4 orc sorcerers
  A griffon (D:13)
  3 wolf spiders
  2 orb spiders
  An ugly thing (D:12)
  An oklob plant (Lair:6)
  A hornet (Spider:2)
  A manticore (D:14)
  An elephant (Lair:4)
  A sixfirhy (Orc:2)
  A cyclops (D:11)
  2 black mambas (Lair:6)
  A torpor snail (Lair:6)
  4 spiny frogs
  A gargoyle (D:14)
  5 komodo dragons
  A rime drake (Lair:6)
  A freezing wraith (D:15)
  2 demonic crawlers (Spider:2)
  A hellwing (Depths:1)
  5 trolls
  6 jumping spiders
  A two-headed ogre (D:11)
  A polar bear (Lair:4)
  5 blink frogs
  2 slime creatures (D:12)
  A meliai zombie (D:13)
  2 wyverns
  A vampire (D:12)
  2 fire bats (Lair:2)
  13 redbacks
  11 yaks
  4 tarantellas
  A basilisk (shapeshifter) (D:14)
  3 steam dragons
  A basilisk (Lair:6)
  A neqoxec (Orc:2)
  A fire elemental (Lair:2)
  5 vampire mosquitoes (Lair:3)
  3 hippogriffs
  An insubstantial wisp (Lair:3)
  A warg (Orc:2)
  2 mottled dragons
  A swamp worm (Lair:6)
  4 water moccasins
  3 porcupines
  2 swamp drakes
  2 eyes of draining
  12 orc warriors
  A wasp (D:8)
  2 sky beasts
  An ice beast (D:13)
  6 ogres
  3 wolves
  4 crocodiles
  A big kobold (D:11)
  3 giant frogs
  A gnoll sergeant (D:8)
  9 killer bees (D:12)
  3 scorpions
  6 wights
  An electric eel (Lair:4)
  A howler monkey (D:8)
  2 lava snakes (Lair:2)
  2 crimson imps
  A giant frog zombie (D:12)
  3 hounds
  5 orc wizards
  5 orc priests (Orc:2)
  A jelly (D:10)
  2 iguanas
  A worker ant (D:12)
  A howler monkey zombie (D:7)
  4 gnolls
  An adder (D:10)
  21 river rats
  A shadow imp (D:14)
  An adder skeleton (D:8)
  A dart slug (D:4)
  A giant gecko (D:8)
  41 orcs
  4 goblins
  3 hobgoblins (D:4)
  A jackal (D:4)
  A quokka (D:8)
  A giant gecko skeleton (D:8)
  3 kobolds (D:10)
  A fungus (Lair:5)
  3 plants
315 creatures vanquished.

Vanquished Creatures (others)
  A deep elf mage (D:15)
  A spiny frog (Lair:6)
  A tarantella (Spider:3)
  3 hell hounds (Orc:1)
  23 knights
  3 ancestors
  19 fungi
  6 plants
57 creatures vanquished.

Grand Total: 1000 creatures vanquished

Notes
Turn   | Place    | Note
--------------------------------------------------------------
     0 | D:1      | Ijustatesigmund the Halfling Fighter began the quest for the Orb.
     0 | D:1      | Reached XP level 1. HP: 15/15 MP: 1/1
   179 | D:1      | Reached XP level 2. HP: 17/20 MP: 2/2
   599 | D:2      | Reached skill level 1 in Dodging
   601 | D:2      | Reached XP level 3. HP: 26/26 MP: 3/3
   943 | D:2      | Reached XP level 4. HP: 31/31 MP: 4/4
  1339 | D:3      | Reached XP level 5. HP: 37/37 MP: 5/5
  1505 | D:3      | Found a shadowy altar of Dithmenos.
  2250 | D:4      | Noticed tstbtto's ghost (novice CeBe)
  2256 | D:5      | Entered Level 5 of the Dungeon
  2286 | D:5      | Reached XP level 6. HP: 32/43 MP: 6/6
  2568 | D:5      | Found a white marble altar of Elyvilon.
  2571 | D:5      | Noticed a sky beast
  2598 | D:5      | Killed a sky beast
  2598 | D:5      | Reached skill level 5 in Short Blades
  2767 | D:5      | Found a hide-covered altar of Uskayaw.
  2975 | D:5      | Reached XP level 7. HP: 45/49 MP: 7/7
  3478 | D:6      | Found Eqavix's Jewellery Shop.
  3504 | D:6      | Bought an uncursed ring of see invisible for 165 gold pieces
  3507 | D:6      | Found Xammo's Antique Armour Boutique.
  3687 | D:6      | Found a staircase to the Ecumenical Temple.
  3760 | Temple   | Entered the Ecumenical Temple
  3845 | D:6      | Found Plog's Food Emporium.
  4114 | D:6      | Reached skill level 5 in Fighting
  4125 | D:6      | Reached XP level 8. HP: 51/55 MP: 8/8
  4179 | D:6      | Got a pair of faintly humming gloves
  4185 | D:6      | Identified the +2 pair of gloves of the Dice {Str+8} (You found it on level 6 of the Dungeon)
  4265 | D:6      | Noticed Edmund
  4265 | D:6      | Noticed Sigmund
  4306 | D:6      | Killed Edmund
  4306 | D:6      | Reached skill level 5 in Shields
  4313 | D:6      | Killed Sigmund
  4346 | D:6      | Found an iron altar of Okawaru.
  4957 | D:7      | Found a sparkling altar of Nemelex Xobeh.
  4987 | D:7      | Reached XP level 9. HP: 57/62 MP: 9/9
  5541 | D:7      | Found an ancient bone altar of Kikubaaqudgha.
  5541 | D:7      | Found a blossoming altar of Fedhas.
  5576 | D:7      | Found a hazy altar of Hepliaklqana.
  5581 | D:7      | Became a worshipper of Hepliaklqana
  6657 | D:8      | Reached skill level 10 in Short Blades
  7118 | D:8      | Found a blossoming altar of Fedhas.
  7308 | D:8      | Reached skill level 1 in Invocations
  7350 | D:8      | Reached * piety under Hepliaklqana
  7495 | D:8      | Reached XP level 10. HP: 64/72 MP: 12/12
  7698 | D:8      | Reached skill level 5 in Invocations
  7922 | D:9      | Found a shadowy altar of Dithmenos.
  7998 | D:9      | Found a hide-covered altar of Uskayaw.
  8048 | D:9      | Found a hide-covered altar of Uskayaw.
  8337 | D:9      | Reached ** piety under Hepliaklqana
  8338 | D:9      | Remembered your ancestor Morcar as a knight
  8487 | D:8      | Found a stormy altar of Qazlal.
  8487 | D:8      | Found a glowing golden altar of the Shining One.
  8902 | D:4      | Killed tstbtto's ghost
  9398 | D:10     | Entered Level 10 of the Dungeon
  9759 | D:10     | Found a flagged portal.
  9824 | Bailey   | Entered a bailey
  9839 | Bailey   | Reached skill level 1 in Slings
 10055 | Bailey   | Noticed Ijustatesigmund's ghost (novice HaFi)
 10103 | Bailey   | Killed Ijustatesigmund's ghost
 10103 | Bailey   | Reached XP level 11. HP: 70/77 MP: 16/16
 10150 | Bailey   | Noticed an orc knight
 10155 | Bailey   | Noticed an orc knight
 10192 | Bailey   | Killed an orc knight
 10199 | Bailey   | Killed an orc knight
 10295 | Bailey   | Noticed an orc knight
 10361 | Bailey   | Reached *** piety under Hepliaklqana
 10367 | Bailey   | Noticed an orc knight
 10392 | Bailey   | Killed an orc knight
 10392 | Bailey   | Reached skill level 10 in Slings
 11718 | D:11     | Found a staircase to the Lair.
 12411 | D:11     | Noticed a red ugly thing
 12427 | D:11     | Killed a red ugly thing
 12461 | D:11     | Noticed a cyclops
 12498 | D:11     | Killed a cyclops
 12551 | D:11     | Reached XP level 12. HP: 78/84 MP: 17/17
 12738 | D:11     | Found a staircase to the Orcish Mines.
 12943 | D:11     | Reached **** piety under Hepliaklqana
 13057 | D:12     | Noticed a tengu warrior
 13060 | D:12     | Noticed a tengu warrior
 13063 | D:12     | Noticed an unseen horror
 13086 | D:12     | Killed a tengu warrior
 13090 | D:12     | Killed a tengu warrior
 13093 | D:12     | Killed an unseen horror
 13785 | D:12     | Noticed Erolcha
 13808 | D:12     | Killed Erolcha
 13918 | D:12     | Found a portal to a secret trove of treasure.
 14427 | D:12     | Reached skill level 5 in Dodging
 14652 | D:13     | Reached skill level 5 in Armour
 14652 | D:13     | Reached XP level 13. HP: 66/92 MP: 15/20
 14747 | D:13     | Reached skill level 10 in Invocations
 14788 | D:13     | Noticed Sonja
 14844 | Lair:1   | Entered Level 1 of the Lair of Beasts
 14850 | Lair:1   | Reached skill level 10 in Fighting
 14850 | Lair:1   | Reached XP level 14. HP: 93/99 MP: 21/21
 15654 | Lair:2   | Reached ***** piety under Hepliaklqana
 15744 | Lair:2   | Found a hole to the Spider Nest.
 17919 | D:6      | Bought the ring "Cas Uho" {+Inv rElec MP+9 EV+1} for 264 gold pieces
 18046 | Orc:1    | Entered Level 1 of the Orcish Mines
 18048 | Orc:1    | Found Temun's Distillery.
 18086 | Orc:1    | Reached skill level 1 in Evocations
 18262 | Orc:1    | Bought a potion of curing for 30 gold pieces
 18262 | Orc:1    | Bought a potion of heal wounds for 50 gold pieces
 18262 | Orc:1    | Bought a potion of haste for 100 gold pieces
 18262 | Orc:1    | Bought a potion of curing for 30 gold pieces
 18262 | Orc:1    | Bought a potion of curing for 30 gold pieces
 18768 | Orc:2    | Entered Level 2 of the Orcish Mines
 18768 | Orc:2    | Found a staircase to the Elven Halls.
 18768 | Orc:2    | Noticed Azrael
 18962 | Orc:1    | Killed Azrael
 19584 | Orc:2    | Noticed Saint Roka
 19740 | Orc:2    | Killed Saint Roka
 19740 | Orc:2    | Reached skill level 5 in Evocations
 19740 | Orc:2    | Reached XP level 15. HP: 67/107 MP: 12/23
 19741 | Orc:2    | Remembered your ancestor Morcar wielding a broad axe
 20468 | Orc:2    | Found Rinutah's Food Emporium.
 20471 | Orc:2    | Found Bing's Magic Scroll Shoppe.
 20507 | Orc:2    | Bought a scroll of identify for 28 gold pieces
 20507 | Orc:2    | Bought a scroll of teleportation for 42 gold pieces
 20507 | Orc:2    | Bought a scroll of fear for 49 gold pieces
 20507 | Orc:2    | Bought a scroll of identify for 28 gold pieces
 20507 | Orc:2    | Bought a scroll of identify for 28 gold pieces
 21794 | Orc:2    | Found Xakhlovuepp's Antique Weapon Shop.
 21794 | Orc:2    | Found Vevvapru's Book Boutique.
 21795 | Orc:2    | Found a one-way gate leading to the halls of Pandemonium.
 21812 | Orc:2    | Bought a runed greatsling for 435 gold pieces
 21928 | Orc:1    | Noticed an orc warlord
 21986 | Orc:1    | Killed an orc warlord
 22050 | Orc:2    | Paralysed by an orc sorcerer for 5 turns
 22850 | Lair:4   | Found a staircase to the Shoals.
 22885 | Lair:4   | Reached skill level 10 in Evocations
 22964 | Lair:4   | Reached skill level 1 in Stealth
 24213 | Lair:5   | Noticed tstbtto's ghost (journeyman CeBe)
 24213 | Lair:5   | Reached skill level 5 in Stealth
 24690 | Lair:4   | Reached XP level 16. HP: 72/113 MP: 24/24
 25131 | Lair:5   | Killed tstbtto's ghost
 25197 | Lair:5   | Got a heavily runed turquoise ring
 25199 | Lair:5   | Identified the ring "Beadutet" {rC+ MR+} (You found it on level 5 of the Lair of Beasts)
 25214 | Lair:5   | Learned a level 2 spell: Blink
 25216 | Lair:5   | Learned a level 1 spell: Apportation
 25386 | Lair:5   | Reached skill level 1 in Translocations
 25390 | Lair:6   | Entered Level 6 of the Lair of Beasts
 25847 | Lair:6   | Learned a level 3 spell: Portal Projectile
 25849 | Lair:6   | Learned a level 1 spell: Summon Butterflies
 25939 | Lair:6   | Reached skill level 5 in Translocations
 27038 | Lair:6   | Found a staircase to the Slime Pits.
 27601 | D:13     | Killed Sonja
 27796 | D:13     | Reached ****** piety under Hepliaklqana
 28153 | D:14     | Found Ydyph's Distillery.
 28283 | D:14     | Found Ifobbuim's Book Emporium.
 28330 | D:14     | Found a burning altar of Makhleb.
 28366 | D:14     | Found Xamiolom's Book Shop.
 28384 | D:14     | Found Qaothut's General Store.
 28388 | D:14     | Bought a scroll of fog for 22 gold pieces
 28445 | D:14     | Found a gate to the Vaults.
 28475 | D:14     | Noticed a storm dragon
 28475 | D:14     | a queen ant changed into a storm dragon
 28480 | D:14     | a storm dragon changed into an eight-headed hydra
 28679 | D:14     | Found Dufreuj's Book Shop.
 28682 | D:14     | Bought a book of Air for 525 gold pieces
 28685 | D:14     | Learned a level 2 spell: Repel Missiles
 28688 | D:14     | Learned a level 2 spell: Swiftness
 28875 | D:14     | Reached skill level 1 in Charms
 28875 | D:14     | Reached skill level 1 in Air Magic
 28941 | D:15     | Entered Level 15 of the Dungeon
 29088 | D:15     | Noticed Urug
 29126 | D:15     | Killed Urug
 29867 | D:15     | Found a staircase to the Depths.
 30008 | D:15     | Reached XP level 17. HP: 117/117 MP: 25/25
 30309 | Depths:1 | Entered Level 1 of the Depths
 30559 | Depths:1 | Reached skill level 5 in Charms
 30559 | Depths:1 | Reached skill level 5 in Air Magic
 30988 | Depths:1 | Found a gateway to Hell.
 31457 | D:15     | Upgraded the game from 0.19-a0-644-gd04d753 to 0.19-a0-659-g8260ecf
 31923 | D:15     | Reached skill level 1 in Summonings
 32304 | Spider:1 | Entered Level 1 of the Spider Nest
 32891 | Spider:1 | Noticed Aizul
 32905 | Spider:1 | Killed Aizul
 33736 | Spider:2 | Reached skill level 5 in Summonings
 34248 | Spider:2 | Reached skill level 10 in Armour
 34959 | Spider:2 | You fall through a shaft!
 35102 | Spider:3 | Reached XP level 18. HP: 124/124 MP: 26/26
 35163 | Spider:3 | Noticed Jorgrun
 35177 | Spider:3 | Killed from afar by Jorgrun

Vault maps used:
D:1:      dpeg_arrival_round_a
D:2:      first_bread, kennysheep_big_empty_room
D:3:      grunt_ministairs_2, grunt_dithmenos_smoke_and_mirrors
D:4:      corexii_shack_village
D:5:      lemuel_crystal_altar, basic_altar
D:6:      okawaru_metal_pillars_3, minmay_temple_entry_metal_lava,
          serial_co_window_serial, co_window_paths_a, co_window_corner_a,
          co_window_corner_a, co_window_of_opportunity_a, co_window_paths_b,
          co_window_corner_b, co_window_unsneaky_path_d, co_window_paths_c,
          co_window_broadway_a, co_window_2corner, co_window_of_opportunity_b,
          co_window_corner_b, glass_columns_a, glass_columns_b, glass_columns_a,
          serial_shops, nicolae_shop_window_shopping, shop,
          nicolae_shop_window_shopping, sigmund_edmund_badplayer
D:7:      grunt_temple_overflow_growth_and_decay, kennysheep_little_box,
          nemelex_xobeh_ov_fountains_minmay
D:8:      nicolae_overflow_hidden_temple, grunt_ogre_cave,
          introduction_to_nature_2
D:9:      lemuel_crystal_altar, old_standard_altar, basic_altar
D:10:     serial_glass, glass_columns_a, glass_columns_b, enter_bailey_3,
          lightli_corner_chamber
D:11:     kennysheep_big_flooded_room, lair_0_dummy, orc_0_dummy,
          grunt_ministairs_15
D:12:     enter_trove_3, serial_glass, glass_columns_a, glass_columns_a,
          glass_columns_b, glass_columns_a, glass_columns_c, uniq_erolcha
D:13:     uniq_sonja
D:14:     david_vaults_2, serial_park_gazebo, serial_shops, shop, shop, shop,
          shop, nicolae_shop_behind_doors
D:15:     grunt_enter_depths_hoard, serial_park_tiny_2, uniq_urug
Temple:   minmay_freezing_vapour_temple_12
Lair:2:   spider_nest_entry_rubble
Lair:3:   pond, grunt_megastairs_3, lemuel_fruit_tree, infiniplex_staircase_pool
Lair:4:   minmay_shoals_entry_lonely_mermaid, serial_bayou_shore_a
Lair:5:   minmay_lindwurm_lava
Lair:6:   hangedman_lair_in_review, guppyfry_lair_end_dragon,
          minmay_slime_entry_oklob_enclosed
Spider:1: uniq_aizul
Spider:3: nicolae_spider_cling_ruins, uniq_jorgrun, uniq_donald
Orc:1:    serial_shops, shop_coins
Orc:2:    pf_orc_diabolical, lightli_orcish_oven, uniq_saint_roka, uniq_azrael
Depths:1: hell_entry, rand_demon_pan_entry_8, minmay_misc_feat_five,
          minmay_misc_feat_secret_circle, minmay_splitting_lines,
          roderic_lattice_a, minmay_misc_feat_tower, item_on_display_a
Bailey:   bailey_polearm_5, bailey

Skill      XL: |  1  2  3  4  5  6  7  8  9 10 11 12 13 14 15 16 17 18 |
---------------+-------------------------------------------------------+-----
Short Blades   | 3 4 5 6 8 10 12 13 | 13.6
Fighting       | 3 4 5 6 7 8 9 10 11 | 11.4
Dodging        | 1 2 3 4 5 6 9 |  9.0
Shields        | 4 5 |  5.4
Armour         | 4 5 6 8 10 11 | 11.0
Invocations    | 3 7 9 10 11 | 11.6
Slings         | 6 13 | 13.3
Evocations     | 5 10 | 10.1
Stealth        | 6 7 |  7.0
Translocations | 9 |  9.7
Charms         | 4 7 |  7.4
Air Magic      | 4 7 |  7.3
Summonings     | 5 |  5.3

Action                   |  1- 3 |  4- 6 |  7- 9 | 10-12 | 13-15 | 16-18 || total
-------------------------+-------+-------+-------+-------+-------+-------++-------
Melee: Rapier            |    91 |   145 |       |       |       |       ||   236
       Short sword       |       |   117 |   887 |  1010 |  1642 |  1405 ||  5061
 Fire: Hunting sling     |       |       |       |   122 |    36 |       ||   158
       Greatsling        |       |       |       |       |    33 |   235 ||   268
Throw: Tomahawk          |       |       |       |       |     1 |       ||     1
 Cast: Portal Projectile |       |       |       |       |       |    28 ||    28
       Blink             |       |       |       |       |       |     8 ||     8
       Apportation       |       |       |       |       |       |     2 ||     2
       Repel Missiles    |       |       |       |       |       |     1 ||     1
Invok: Ancestor Life: Kn |       |       |       |     1 |       |       ||     1
       Recall Ancestor   |       |       |       |     1 |       |     3 ||     4
       Transference      |       |       |       |     1 |       |       ||     1
       Idealise          |       |       |       |     1 |     4 |    10 ||    15
Knight: Broad Axe        |       |       |       |       |     1 |       ||     1
 Abil: Evoke Invisibilit |       |       |       |       |     3 |     4 ||     7
Evoke: Wand              |       |       |       |    15 |     9 |     5 ||    29
  Use: Scroll            |     5 |     7 |     8 |    18 |    12 |    10 ||    60
       Potion            |       |     1 |     4 |    10 |    10 |     8 ||    33
 Stab: Distracted        |       |       |     1 |     1 |     9 |     9 ||    20
       Invisible         |       |       |       |       |     2 |    14 ||    16
       Petrified         |       |       |       |       |     4 |       ||     4
       Sleeping          |       |       |       |       |     1 |    13 ||    14
       Held in net/web   |       |       |       |       |       |     1 ||     1
  Eat: Chunk             |       |     5 |    11 |     6 |     8 |     6 ||    36
       Bread ration      |       |     1 |     1 |     1 |     1 |     5 ||     9
       Beef jerky        |       |       |     1 |     7 |     1 |       ||     9
       Meat ration       |       |       |     1 |       |     3 |     2 ||     6
       Fruit             |       |       |       |     6 |     8 |     4 ||    18
       Pizza             |       |       |       |       |     1 |       ||     1
Armor: Scale mail        |    47 |    79 |   213 |   286 |   330 |   304 ||  1259
       Ring mail         |       |       |       |       |       |   119 ||   119
Dodge: Dodged            |    37 |    83 |   263 |   386 |   852 |   944 ||  2565
       Deflected         |       |       |       |       |       |     3 ||     3
Block: Shield            |    43 |   101 |   366 |   415 |       |       ||   925
       Buckler           |       |       |       |    51 |   373 |   508 ||   932
       Reflection        |       |       |       |       |     8 |     6 ||    14
